 Dungeon Crawl Stone Soup version 0.30-a0-912-ge10d75a369 (webtiles) character file.

Game seed: 4555450319579447506

4695 112233 the Zephyrmancer (level 10, -1/55 (60) HPs)
             Began as a Tengu Air Elementalist on Mar 19, 2023.
             Slain by a wight
             ... wielding a +3 dagger
              (12 damage)
             ... on level 9 of the Dungeon.
             The game lasted 00:17:55 (12835 turns).

112233 the Zephyrmancer (Tengu Air Elementalist)   Turns: 12835, Time: 00:17:56

HP:   -1/55 (60)    AC:  2    Str: 15    XL:     10   Next: 44%
MP:   18/24         EV: 19    Int: 19    God:
Gold: 370           SH:  0    Dex: 18    Spells: 12/27 levels left

rFire   . . .      SeeInvis .    s - +2 mace of Checks and Balances {speed, Dex+3}
rCold   . . .      Faith    .    (no shield)
rNeg    . . .      Spirit   .    a - +0 robe
rPois   .          Reflect  .    (helmet restricted)
rElec   .          Rampage  .    (no cloak)
rCorr   .                        (no gloves)
Will    .....                    (boots unavailable)
Stlth   ++                       (no amulet)
HPRegen 0.29/turn                q - +6 ring of strength
MPRegen 0.19/turn                (no ring)

@: flying quickly and evasively, drained, quick
A: beak, talons 3, nimble flight
a: no special abilities


You were on level 9 of the Dungeon.
You visited 1 branch of the dungeon, and saw 8 of its levels.

You collected 370 gold pieces.

Inventory:

Hand Weapons
 c - a +0 mace
 f - a +2 dagger of freezing
 k - a +4 short sword of draining
 n - a +0 whip
 r - a +0 battleaxe
 s - the +2 mace of Checks and Balances (weapon) {speed, Dex+3}
   (You found it on level 9 of the Dungeon)

   Dex:       It affects your dexterity (+3).
Armour
 a - a +0 robe (worn)
Magical Staves
 j - a staff of fire
Jewellery
 q - a +6 ring of strength (left hand)
Wands
 o - a wand of iceblast (5)
 z - a wand of digging (7)
Scrolls
 b - 10 scrolls of identify
 d - 3 scrolls of noise
 e - 2 scrolls of amnesia
 h - 3 scrolls of vulnerability
 m - 2 scrolls of magic mapping
 u - a scroll of immolation {unknown}
 v - a scroll of fear
 y - a scroll of poison {unknown}
 A - 2 scrolls of silence {unknown}
Potions
 g - 5 potions of might
 i - 2 potions of heal wounds {unknown}
 l - a potion of resistance {unknown}
 p - a potion of attraction {unknown}
 t - a potion of cancellation


   Skills:
 + Level 6.2 Fighting
 + Level 7.4 Dodging
 - Level 2.0 Stealth
 * Level 9.3 Spellcasting
 - Level 1.3 Conjurations
 + Level 9.7 Air Magic


You had 12 spell levels left.
You knew the following spells:

 Your Spells              Type           Power      Damage    Failure   Level
a - Shock                 Conj/Air       100%       1d9       1%          1
b - Static Discharge      Conj/Air       60%        2-5/arc   1%          2
c - Airstrike             Air            23%        2d(4-20)  1%          4
d - Swiftness             Air            46%        N/A       1%          3
e - Irradiate             Conj/Tmut      5%         3d13      86%         5

Your spell library contained the following spells:

 Spells                   Type           Power      Damage    Failure   Level
 Sublimation of Blood     Necr           8%         N/A       12%         2
 Freezing Cloud           Conj/Ice/Air   11%        6-21      43%         5
 Manifold Assault         Tloc           8%         N/A       61%         4
 Petrify                  Tmut/Erth      8%         N/A       61%         4
 Blade Hands              Tmut           4%         N/A       91%         5
 Dispersal                Tloc           4%         N/A       100%        6
 Simulacrum               Ice/Necr       4%         N/A       100%        6
 Dragon Form              Tmut           4%         N/A       100%        7
 Disjunction              Tloc           4%         N/A       100%        8
 Polar Vortex             Ice            4%         N/A       100%        9


Dungeon Overview and Level Annotations

Branches:
Dungeon (9/15)                Orc (0/2) D:9
 Temple: D:4-7         Lair: D:8-11

Altars:
Fedhas
Hepliaklqana
Nemelex Xobeh
Yredelemnul
Zin

Shops:
D:6 [*?[   D:9 (

Annotations:
D:3 exclusion: downstairs
D:9 exclusion: 2 upstairs


Innate Abilities, Weirdness & Mutations

You have a beak for a mouth.
You have claws for feet.
Your magical nature lets you fly swiftly and evasively.


Message History

The centaur barely misses you. The centaur kicks you.
The wight completely misses you. x2; The centaur hits you.
* * * LOW HITPOINT WARNING * * *
The centaur completely misses you.
Unknown command.
You feel better. The centaur misses you. x2
The wight hits you with a +0 hand axe.
You feel drained. The wight hits you with a +3 dagger.
* * * LOW HITPOINT WARNING * * *
You feel drained.
* * * LOW HITPOINT WARNING * * *
Unknown command.
Casting: Airstrike (dangerous; 1% risk of failure)
Confirm with . or Enter, or press ? or * to list all spells.
The wight is struck by an arc of lightning.
The wight is severely damaged.
The centaur is struck by an arc of lightning.
The centaur is lightly wounded.
The wight is struck by an arc of lightning.
You destroy the wight!
The lightning grounds out.
The wight is struck by an arc of lightning.
The wight is heavily damaged.
You are struck by an arc of lightning.
* * * LOW HITPOINT WARNING * * *
The centaur is struck by an arc of lightning.
The centaur is moderately wounded.
The wight is struck by an arc of lightning.
The wight is severely damaged.
The lightning grounds out.
The centaur is struck by an arc of lightning.
The centaur is severely wounded.
The wight is struck by an arc of lightning.
The wight is almost destroyed.
The centaur is struck by an arc of lightning.
The centaur is severely wounded.
The lightning grounds out.
The centaur completely misses you.
The centaur kicks you but does no damage.
The wight hits you with a +3 dagger!
You die...

#<[# #([..._.....# #.##
###.......###
##+#######...).#######
#......# ##...##.....#
#......#####.##......#
##......'.###.........#
.'..[...#...'.........#
##......#####...c.....#
######## #..)@z....#
###########


You could see a centaur and a wight.

Vanquished Creatures
  A troll (D:9)
  A hornet (D:9)
  A wyvern (D:9)
  12 yaks (D:9)
  A water moccasin (D:9)
  2 orc warriors (D:9)
  2 black bears
  3 ice beasts
  A centaur (D:9)
  An ogre (D:4)
  2 phantoms (D:5)
  A kobold brigand (D:4)
  3 bullfrogs
  6 scorpions
  2 wights (D:9)
  6 howler monkeys
  2 jellies
  3 hounds
  An orc priest (D:9)
  An iguana (D:4)
  4 adders
  11 gnolls
  2 white imps (D:5)
  2 worms
  3 dart slugs
  18 orcs
  4 bats
  8 endoplasms
  4 giant cockroaches
  4 hobgoblins (D:1)
  12 jackals
  25 kobolds
  2 quokkas (D:4)
  2 ball pythons (D:3)
  3 frilled lizards
  5 goblins
  4 rats
165 creatures vanquished.

Vanquished Creatures (others)
  21 fungi (D:8)
  36 plants
57 creatures vanquished.

Grand Total: 222 creatures vanquished

Notes
Turn   | Place    | Note
-------+----------+-------------------------------------------
     0 | D:1      | 112233 the Tengu Air Elementalist began the quest for the
                  | Orb.
     0 | D:1      | Reached XP level 1. HP: 10/10 MP: 4/4
   195 | D:1      | Reached XP level 2. HP: 5/15 MP: 4/6
   581 | D:1      | Reached XP level 3. HP: 18/19 MP: 0/7
  1730 | D:2      | Found a glowing silver altar of Zin.
  1730 | D:2      | Identified the +4 chain mail of Complete Protection {rElec
                  | Int+2}
  2870 | D:4      | Noticed an ice beast
  2908 | D:3      | Reached XP level 4. HP: 24/24 MP: 3/10
  3309 | D:2      | Learned a level 2 spell: Static Discharge
  3314 | D:2      | Learned a level 4 spell: Airstrike
  3554 | D:3      | Reached skill level 5 in Air Magic
  3987 | D:4      | Gained mutation: Your magical nature lets you fly swiftly
                  | and evasively. [Tengu growth]
  3987 | D:4      | Reached XP level 5. HP: 24/28 MP: 7/12
  4034 | D:4      | Noticed an ogre
  4321 | D:4      | Found a glowing silver altar of Zin.
  4381 | D:4      | Killed an ogre
  4382 | D:4      | Reached skill level 1 in Fighting
  4382 | D:4      | Reached XP level 6. HP: 19/34 MP: 3/13
  4666 | D:4      | Killed an ice beast
  5029 | D:4      | Reached skill level 5 in Spellcasting
  5076 | D:4      | Reached XP level 7. HP: 17/40 MP: 1/15
  5507 | D:4      | Found a basalt altar of Yredelemnul.
  6183 | D:5      | Entered Level 5 of the Dungeon
  6258 | D:5      | Learned a level 3 spell: Swiftness
  6361 | D:5      | Learned a level 5 spell: Irradiate
  6627 | D:5      | Reached XP level 8. HP: 30/46 MP: 8/18
  7577 | D:5      | Found a hazy altar of Hepliaklqana.
  7731 | D:6      | Found Dannoffubb's Antique Armour Shoppe.
  8038 | D:6      | Found Rinymoat's Magic Scroll Boutique.
  8076 | D:6      | Reached skill level 5 in Dodging
  8149 | D:6      | Found Cyuxiepp's General Store.
  8217 | D:6      | Found a blossoming altar of Fedhas.
  8263 | D:6      | Found Deurheol's Antique Armour Emporium.
  8287 | D:6      | You are sucked into a shaft and drop 3 floors!
  8441 | D:9      | Noticed a hornet
  8445 | D:9      | Killed a hornet
  8446 | D:9      | Reached XP level 9. HP: 52/52 MP: 3/20
  8582 | D:9      | Noticed a troll
  8828 | D:9      | Killed a troll
  8970 | D:9      | Identified the +10 spear of the Nexus {freeze, rPois rC+
                  | Dex+5}
  9057 | D:9      | Identified the +2 mace of Checks and Balances {speed,
                  | Dex+3}
  9518 | D:9      | Found a sparkling altar of Nemelex Xobeh.
 10365 | D:9      | Reached skill level 5 in Fighting
 11445 | D:9      | Found a staircase to the Orcish Mines.
 11469 | D:9      | Reached XP level 10. HP: 60/60 MP: 3/23
 11868 | D:9      | Found Remubuar's Antique Weapon Boutique.
 12835 | D:9      | Slain by a wight

Illustrated notes

Levels and vault maps discovered:
D:1:      tarquinn_simple_flora_water_a, layout_basic,
          hangedman_abyss_or_decor_lesser_grid, nrook_loot_triangle,
          grunt_decor_junction
D:2:      layout_basic, serial_aquarium, aquarium_bridge_long_separate
          [aquarium_subvault_wall, aquarium_subvault_bridge,
          aquarium_subvault_wall, aquarium_subvault_wall,
          aquarium_subvault_bridge, aquarium_subvault_balcony],
          aquarium_window_2, aquarium_window_fake, aquarium_view_2e,
          aquarium_view_2b, aquarium_balcony_double_3, basic_altar,
          minmay_crystal_water
D:3:      layout_loops_ring
D:4:      kennysheep_kobold_camp, layout_loops_corners,
          mainiacjoe_overflow_paths, mainiacjoe_overflow_cross_hatched
D:5:      minmay_angry_zag, layout_loops_corners,
          nicolae_hepliaklqana_hippocampus, mainiacjoe_overflow_alcove_4
D:6:      layout_loops_ring, fedhas_altar_fruit_tree,
          mainiacjoe_overflow_tiny_flanked, serial_shops, shop_scrolls,
          shop_statue, shop, nicolae_shop_statue_plus, nicolae_shop_behind_doors
D:8:      layout_rooms, due_lair_maze_entry_diamond, uniq_maurice
D:9:      layout_roguey, lemuel_round_altar, david_orc_2, enter_bailey_2,
          grunt_ministairs_8, nicolae_take_the_stairs, due_unseen_surprise

Skill      XL: |  1  2  3  4  5  6  7  8  9 10 |
---------------+-------------------------------+-----
Spellcasting   | 3 4 5 6 7 8 9 |  9.3
Air Magic      | 5 6 7 9 |  9.7
Fighting       | 1 2 3 4 5 6 |  6.2
Dodging        | 3 4 5 6 7 |  7.4
Stealth        | |  2.0
Conjurations   | |  1.3

Action                     |  1- 3 |  4- 6 |  7- 9 | 10-12 || total
---------------------------+-------+-------+-------+-------++-------
  Melee: Unarmed           |     7 |       |       |       ||     7
         Kick              |     3 |     1 |     2 |     6 ||    12
         Mace              |     3 |     6 |    12 |    18 ||    39
         Peck              |     2 |     3 |     4 |     7 ||    16
         Punch             |       |       |       |     1 ||     1
   Cast: Shock             |    88 |    93 |    88 |       ||   269
         Static Discharge  |       |    19 |    42 |     2 ||    63
         Airstrike         |       |       |    74 |    28 ||   102
  Evoke: Wand              |       |     2 |     1 |       ||     3
    Use: Potion            |     3 |     3 |     5 |     1 ||    12
         Scroll            |     2 |       |     6 |       ||     8
 Armour: Robe              |    11 |    10 |    15 |     3 ||    39
  Dodge: Dodged            |    26 |    49 |   150 |    28 ||   253

Table legend: (Time is in decaauts)
 A = Elapsed time spent in this place.
 B = Non-inter-level travel time spent in this place.
 C = Inter-level travel time spent in this place.
 D = Time resting spent in this place.
 E = Time spent auto-exploring this place.
 F = Levels seen in this place.
 G = Mean time per level.
                   A        B        C        D        E       F      G
               +--------+--------+--------+--------+--------+-----+--------+
         Total |  12523 |  12050 |    473 |   3650 |   7168 |   8 | 1565.4 |
       Dungeon |  12523 |  12050 |    473 |   3650 |   7168 |   8 | 1565.4 |
               +--------+--------+--------+--------+--------+-----+--------+

Top non-repeatable levels by time:
     D:9: 4416 daAuts
     D:4: 1867 daAuts
     D:5: 1463 daAuts
     D:1: 1445 daAuts
     D:2: 1442 daAuts
     D:3: 1321 daAuts
     D:6: 532 daAuts
     D:8: 34 daAuts
